 Dungeon Crawl Stone Soup version 0.26.1-2-gb8aa6d0cf2 (webtiles) character file.

Game seed: 746251900481630952

2828 jmmainvi the Geomancer (level 9, -7/45 HPs)
             Began as a Gargoyle Earth Elementalist on Feb 12, 2021.
             Was a Believer of Vehumet.
             Killed from afar by Harold (19 damage)
             ... with a harpoon shot
             ... on level 7 of the Dungeon.
             The game lasted 00:20:37 (10129 turns).

jmmainvi the Geomancer (GrEE)                      Turns: 10129, Time: 00:20:37

Health: -7/45      AC: 14    Str: 12    XL:     9   Next: 73%
Magic:  12/12      EV: 12    Int: 19    God:    Vehumet [**....]
Gold:   300        SH:  5    Dex: 10    Spells: 3/12 levels left

rFire    + . .     SeeInvis .   q - staff of earth
rCold    . . .     Faith    .   (no shield)
rNeg     + . .     Spirit   .   e - +1 robe {rF+}
rPois    ∞         Reflect  +   r - +0 helmet
rElec    +         Harm     .   x - +2 cloak {rPois}
rCorr    .         Rampage  .   (no gloves)
Will     .....                  k - +0 pair of boots
Stlth    ++........             j - amulet of reflection
HPRegen  0.15/turn              (no ring)
MPRegen  0.13/turn              (no ring)

@: marked
A: negative energy resistance 1, electricity resistance, unbreathing,
petrification resistance, miasma immunity, AC +6
a: Renounce Religion


You were on level 7 of the Dungeon.
You worshipped Vehumet.
Vehumet was pleased with you.
You visited 2 branches of the dungeon, and saw 9 of its levels.

You collected 462 gold pieces.
You spent 162 gold pieces at shops.

Inventory:

Hand Weapons
 g - a +2 short sword of holy wrath
Missiles
 b - 143 stones
Armour
 e - a +1 robe of fire resistance (worn)
 f - a +0 kite shield
 k - a +0 pair of boots (worn)
 r - a +0 helmet (worn)
 x - a +2 cloak of poison resistance (worn)
Magical Staves
 q - an uncursed staff of earth (weapon)
Jewellery
 j - an amulet of reflection (around neck)
 B - a +6 ring of dexterity {unknown}
Wands
 c - a wand of random effects (35)
 o - a wand of paralysis (17)
 z - a wand of disintegration (21)
Scrolls
 a - 3 scrolls of fog
 d - a scroll of enchant armour
 i - a scroll of fear {unknown}
 l - 7 scrolls of teleportation
 t - 2 scrolls of magic mapping {unknown}
 v - a scroll of immolation {unknown}
 w - 5 scrolls of remove curse {unknown}
 y - 2 scrolls of blinking
 A - a scroll of amnesia {unknown}
 C - a scroll of enchant weapon {unknown}
Potions
 h - a potion of might
 m - 2 potions of brilliance
 n - a potion of mutation
 p - a potion of curing
 s - a potion of lignification
 u - 2 potions of flight


   Skills:
 + Level 6.4 Staves
 - Level 1.5 Dodging
 - Level 3.0 Stealth
 - Level 2.0 Spellcasting
 + Level 5.7 Conjurations
 - Level 0.7 Transmutations
 - Level 12.0 Earth Magic


You had 3 spell levels left.
You knew the following spells:

 Your Spells              Type           Power        Failure   Level
a - Sandblast             Erth           100%         1%          1
b - Stone Arrow           Conj/Erth      100%         1%          3
c - Lee's Rapid Deconstr  Erth           31%          3%          5

Your spell library contained the following spells:

 Spells                   Type           Power        Failure   Level
 Foxfire                  Conj/Fire      48%          5%          1
 Passwall                 Tmut/Erth      32%          1%          2
 Beastly Appendage        Tmut           8%           13%         1
 Wereblood                Tmut           4%           19%         2
 Spider Form              Tmut/Pois      1%           41%         3
 Petrify                  Tmut/Erth      39%          12%         4
 Ice Form                 Ice/Tmut       3%           82%         4
 Blade Hands              Tmut           2%           98%         5


Dungeon Overview and Level Annotations

Branches:
Dungeon (8/15)             Temple (1/1) D:4            Lair (0/6) D:8

Altars:
Ashenzari
Cheibriados
Dithmenos
Elyvilon
Fedhas
Gozag
Hepliaklqana
Kikubaaqudgha
Makhleb
Nemelex Xobeh
Okawaru
Qazlal
Ru
Sif Muna
Trog
Uskayaw
Vehumet
Wu Jian
Xom
Yredelemnul
Zin
The Shining One

Shops:
D:4 =   D:6 ?

Annotations:
D:7 Harold


Innate Abilities, Weirdness & Mutations

You are resistant to torment.
Your stone body is resilient. (AC +6)
You are immune to poison.
You resist negative energy. (rN+)
You are resistant to electric shocks. (rElec)
You can survive without breathing.
You are immune to petrification.
You are immune to miasma.


Message History

Harold is nearby!
Harold is nearby!
Harold shouts!
Harold gestures at you while chanting. A sentinel's mark forms upon you.
You start resting.
Harold is nearby!
Harold says, "Bounty hunting has been great, but I can't wait to retire."
Harold fires a harpoon shot at you. The harpoon shot hits you.
You are yanked forward by the harpoon shot.
Harold fires a harpoon shot at you. The harpoon shot hits you!
* * * LOW HITPOINT WARNING * * *
You are yanked forward by the harpoon shot.
Harold points at you and mumbles some strange words.
The mark upon you grows brighter. Harold fires a harpoon shot at you.
The harpoon shot hits you!!
You die...

#.# #.#####.# #............####
#.# #.#.....# ##...............
#.# #.#.##### #.....#.........
#.# #.#.# #########.#'##.........
#.###.#.# #..[........##.........
#.#...#.###...........##.........
#.#.###......[.........#.........
#.#.#######...........###...#####
#.#..........@..@.....# #...#
#....###.#.........<..# #####
####.# #.#............# ##### #.#
#.#............# #.... #.#
#.#......###.### ##.... #.#
#.######.###.###### #..... #.#
#.#...............# #.....
#.###.#.####.......##.###.####
#.....#.# #..#..#.##........#


You could see Harold.

Vanquished Creatures
  2 yaks (D:8)
  Menkaure (D:4)
  Duvessa (D:5)
  2 orc warriors
  4 ogres
  A necrophage (D:6)
  A phantom (D:4)
  3 centaurs (D:5)
  A big kobold (D:8)
  2 bullfrogs
  4 scorpions
  Dowan (D:5)
  A water moccasin skeleton (D:6)
  A bullfrog zombie (D:5)
  A quasit (D:8)
  A centaur zombie (D:5)
  A jelly (D:8)
  Crazy Yiuf (D:5)
  2 hounds
  4 orc priests
  5 worker ants
  6 orc wizards
  A hound zombie (D:5)
  A worker ant zombie (D:7)
  4 gnolls (D:5)
  8 adders
  3 ufetubi
  An adder zombie (D:5)
  3 worms
  A dart slug (D:3)
  4 leopard geckos
  12 orcs
  2 ball pythons
  6 bats
  3 giant cockroaches
  3 goblins
  9 hobgoblins
  2 jackals (D:3)
  4 quokkas
  5 frilled lizards
  9 kobolds
  A quokka skeleton (D:4)
  5 rats
133 creatures vanquished.

Vanquished Creatures (others)
  A sky beast (D:8)
  13 fungi (D:8)
  17 plants (D:8)
31 creatures vanquished.

Grand Total: 164 creatures vanquished

Notes
Turn   | Place    | Note
-------+----------+-------------------------------------------
     0 | D:1      | jmmainvi the Gargoyle Earth Elementalist began the quest
                  | for the Orb.
     0 | D:1      | Reached XP level 1. HP: 10/10 MP: 3/3
   418 | D:1      | Reached skill level 4 in Earth Magic
   486 | D:1      | Reached XP level 2. HP: 15/15 MP: 3/5
  1370 | D:1      | Reached XP level 3. HP: 17/19 MP: 6/6
  1846 | D:2      | Reached skill level 5 in Earth Magic
  2235 | D:2      | Reached XP level 4. HP: 15/24 MP: 5/7
  3696 | D:4      | Reached skill level 6 in Earth Magic
  3870 | D:4      | Reached XP level 5. HP: 28/28 MP: 8/8
  3927 | D:4      | Found Ferhiv's Jewellery Boutique.
  3967 | D:4      | Found a sparkling altar of Nemelex Xobeh.
  4250 | D:4      | Noticed a phantom
  4263 | D:4      | Found a staircase to the Ecumenical Temple.
  4280 | D:4      | Killed a phantom
  4281 | D:4      | Reached skill level 7 in Earth Magic
  4281 | D:4      | Reached XP level 6. HP: 28/32 MP: 7/9
  4323 | D:4      | Noticed Menkaure
  4344 | D:4      | Killed Menkaure
  4345 | D:4      | Reached skill level 8 in Earth Magic
  4757 | Temple   | Entered the Ecumenical Temple
  4870 | Temple   | Became a worshipper of Vehumet
  4989 | D:5      | Entered Level 5 of the Dungeon
  5195 | D:5      | Reached XP level 7. HP: 20/36 MP: 8/10
  5197 | D:5      | Reached skill level 9 in Earth Magic
  5203 | D:4      | Learned a level 3 spell: Stone Arrow
  5209 | D:4      | Learned a level 5 spell: Lee's Rapid Deconstruction
  5561 | D:5      | Noticed Dowan
  5589 | D:5      | Killed Dowan
  5639 | D:5      | Reached skill level 10 in Earth Magic
  5691 | D:5      | Noticed Duvessa
  5712 | D:5      | Killed Duvessa
  6208 | D:5      | Found an opulent altar of Gozag.
  6208 | D:5      | Found a stormy altar of Qazlal.
  6209 | D:5      | Found a shadowy altar of Dithmenos.
  6238 | D:5      | Reached skill level 11 in Earth Magic
  6238 | D:5      | Reached XP level 8. HP: 41/41 MP: 3/11
  6317 | D:5      | Reached * piety under Vehumet
  6317 | D:5      | Offered knowledge of Shock by Vehumet.
  6826 | D:5      | Found a runed translucent door.
  6827 | D:5      | Noticed Crazy Yiuf
  7128 | D:5      | Killed Crazy Yiuf
  7129 | D:5      | Reached skill level 1 in Staves
  7184 | D:6      | Found a shimmering altar of Xom.
  7186 | D:6      | Found a shimmering altar of Xom.
  7187 | D:6      | Found a shimmering altar of Xom.
  7188 | D:6      | Found a shimmering altar of Xom.
  7192 | D:6      | Found a shimmering altar of Xom.
  7192 | D:6      | Found a shimmering altar of Xom.
  7194 | D:6      | Found a shimmering altar of Xom.
  7218 | D:6      | Found Plog's Magic Scroll Shoppe.
  7226 | D:6      | Bought a scroll of teleportation for 39 gold pieces
  7226 | D:6      | Bought a scroll of blinking for 97 gold pieces
  7226 | D:6      | Bought a scroll of fog for 26 gold pieces
  7311 | D:6      | Reached skill level 12 in Earth Magic
  8208 | D:7      | Found a burning altar of Makhleb.
  8210 | D:7      | Reached skill level 1 in Conjurations
  8265 | D:7      | Reached XP level 9. HP: 45/45 MP: 5/12
  8439 | D:7      | Noticed Harold
  9128 | D:7      | Found a shimmering blue altar of Sif Muna.
  9455 | D:7      | Reached skill level 5 in Staves
  9611 | D:8      | Offered knowledge of Foxfire by Vehumet.
  9673 | D:8      | Reached ** piety under Vehumet
  9820 | D:8      | Reached skill level 5 in Conjurations
 10011 | D:8      | Noticed a two-headed ogre
 10054 | D:8      | Found a staircase to the Lair.
 10129 | D:7      | Killed from afar by Harold

Illustrated notes

Levels and vault maps discovered:
D:1:      psy_arrival_conway, layout_rooms
D:2:      layout_basic, chequers_serial_rivers_micro_a
D:3:      layout_loops_ring
D:4:      layout_basic, lemuel_doored_altar, temple_pool_b, serial_shops,
          shop_fountains, uniq_menkaure
D:5:      minmay_general_purpose_star, layout_basic,
          gammafunk_temple_overflow_claw, uniq_duvessa, uniq_crazy_yiuf_cottage
D:6:      layout_cave_pods, nicolae_xom_altar_mimics, serial_shops,
          shop_fountains, kennysheep_small_square
D:7:      layout_basic, tgw_sif, general_overflow_altar, uniq_harold
D:8:      layout_loops_ring, grunt_lair_entry_orc_guard_hut
Temple:   regret_index_temple_waves

Skill      XL: |  1  2  3  4  5  6  7  8  9 |
---------------+----------------------------+-----
Earth Magic    | 4 5 6 7 8 11 12 | 12.0
Stealth        | 3 |  3.0
Staves         | 4 6 |  6.4
Conjurations   | 2 5 |  5.7
Dodging        | |  1.5
Spellcasting   | |  2.0
Transmutations | |  0.7

Action                   |  1- 3 |  4- 6 |  7- 9 || total
-------------------------+-------+-------+-------++-------
Melee: Club              |    22 |       |       ||    22
       Whip              |    14 |       |       ||    14
       Short sword       |    40 |   102 |    56 ||   198
       Staff             |       |       |    44 ||    44
 Cast: Sandblast         |    20 |    10 |    92 ||   122
       Stone Arrow       |       |       |    30 ||    30
  Use: Scroll            |       |     7 |     2 ||     9
       Potion            |       |       |     1 ||     1
 Stab: Sleeping          |       |     4 |       ||     4
Armor: Robe              |    28 |    32 |    57 ||   117
Dodge: Dodged            |    62 |    71 |    83 ||   216
Block: Other             |     8 |    27 |    38 ||    73
       Reflection        |       |       |     5 ||     5
